 Dungeon Sprint DCSS version 0.28-a0-697-g47f3eba078 (webtiles) character file.

Game seed: 4468132727060912447

0 tatocazan the Skirmisher (level 1, -3/18 HPs)
             Began as a Demonspawn Fighter on Oct 23, 2021.
             Was a Believer of Uskayaw.
             Slain by Sigmund (10 damage)
             ... in the Dungeon (Sprint VI: "Thunderdome").
             The game lasted 00:02:36 (143 turns).

tatocazan the Skirmisher (Demonspawn Fighter)        Turns: 143, Time: 00:02:37

Health: -3/18      AC:  6    Str: 18    XL:     1   Next: 41%
Magic:  1/1        EV:  9    Int:  9    God:    Uskayaw [**....]
Gold:   35         SH:  5    Dex: 16    Spells: 0/0 levels left

rFire   + . .      SeeInvis .   o - +0 broad axe
rCold   . . .      Faith    .   c - +0 buckler
rNeg    . . .      Spirit   .   b - +0 scale mail
rPois   .          Reflect  .   (no helmet)
rElec   .          Harm     .   (no cloak)
rCorr   .          Rampage  .   (no gloves)
Will    .....      NoTele   +   (no boots)
Stlth   ..........              (no amulet)
HPRegen 0.06/turn               p - ring of Curag {rF+ Str+2 Dex+4}
MPRegen 0.07/turn               (no ring)

@: no status effects
A: no striking features
a: Renounce Religion, Stomp, Line Pass


You were in the Dungeon.
You worshipped Uskayaw.
Uskayaw was noncommittal.
You visited 1 branch You collected 200 gold pieces.
You spent 165 gold pieces at shops.

Inventory:

Hand Weapons
 a - a +0 war axe
 o - a +0 broad axe (weapon)
Armour
 b - a +0 scale mail (worn)
 c - a +0 buckler (worn)
Jewellery
 p - the ring of Curag (left hand) {rF+ Str+2 Dex+4}
   (You bought it in a shop in the Dungeon)

   [ring of protection from fire]

   Str:       It affects your strength (+2).
   Dex:       It affects your dexterity (+4).
   rF:        It protects you from fire.
Wands
 k - a wand of acid (5)
 l - a wand of iceblast (5)
Scrolls
 j - 4 scrolls of blinking
 m - 3 scrolls of fog
Potions
 d - a potion of might
 e - a potion of curing
 f - 3 potions of heal wounds
 g - 4 potions of haste
 h - 2 potions of magic
 i - a potion of berserk rage
 n - a potion of resistance


   Skills:
 + Level 3.3 Fighting
 * Level 2.2 Axes
 + Level 3.0 Armour
 + Level 3.0 Shields
 + Level 0.2 Invocations


You couldn't memorise any spells.
You didn't know any spells.
Your spell library was empty.

Dungeon Overview and Level Annotations

Branches:
Dungeon (1/1)

Altars:
Cheibriados
Dithmenos
Fedhas
Gozag
Kikubaaqudgha
Makhleb
Okawaru
Qazlal
Ru
Sif Muna
Trog
Uskayaw
Vehumet
Wu Jian
Xom
Yredelemnul
Zin
The Shining One
Beogh
Jiyva
Lugonu

Shops:
D *[??*?*:[((!!!!

Annotations:
D Sigmund


Message History

You take 6 damage, and have 10/18 hp.
MASSIVE DAMAGE!!
You are too injured to fight recklessly!
You are too injured to fight recklessly!
You are too injured to fight recklessly!
You are too injured to fight recklessly!
Sigmund closely misses you.
You closely miss Sigmund.
Sigmund hits you with a +2 scythe of flaming.
You take 1 damage, and have 9/18 hp.
You hit Sigmund.
Sigmund is lightly wounded.
Sigmund closely misses you.
You can now stomp with the beat.
You slash Sigmund!
Sigmund is heavily wounded.
Sigmund hits you with a +2 scythe of flaming!
* * * LOW HITPOINT WARNING * * *
Sigmund burns you.
* * * LOW HITPOINT WARNING * * *
You can now pass through a line of other dancers.
You take 8 damage, and have 1/18 hp.
MASSIVE DAMAGE!!
You feel much better.
Health restored: 18 You barely miss Sigmund.
Sigmund is heavily wounded.
You block Sigmund's attack.
You hit Sigmund.
Sigmund is severely wounded.
Sigmund hits you with a +2 scythe of flaming!
Ouch! That really hurt!
Sigmund burns you.
You take 11 damage, and have 7/18 hp.
MASSIVE DAMAGE!!
You barely miss Sigmund.
Sigmund is severely wounded.
Sigmund casts a spell.
Sigmund flickers and vanishes!
Deactivating autopickup; reactivate with Ctrl-A.
Something hits you!
Ouch! That really hurt!
You die...

####.8.........8.######
___......###......_._∩##
.......8.# #.8........∩###
.........###.............##
......###...###..........⌠#
......# #.<.# #..........⌠#
......###...###..........⌠#
.........###.............##
.......8.# #.8..@.....∩###
___......###....{.___∩##
####.8.........8.######
#⌠...........⌠#
###........†### #........_#
#_........# #_......._#
#∩......†∩#


There were no monsters in sight!

Vanquished Creatures
  A hobgoblin (D)
  A ball python (D)
  2 rats (D)
4 creatures vanquished.

Notes
Turn   | Place    | Note
-------+----------+-------------------------------------------
     0 | D        | tatocazan the Demonspawn Fighter began the quest for the
                  | Orb.
     0 | D        | Reached XP level 1. HP: 18/18 MP: 1/1
     1 | D        | Found a stormy altar of Qazlal.
     2 | D        | Found a viscous altar of Jiyva.
     2 | D        | Found a bloodstained altar of Trog.
     3 | D        | Found a shadowy altar of Dithmenos.
     4 | D        | Found Wemmuoxu's Identification Station.
     4 | D        | Found a blossoming altar of Fedhas.
     4 | D        | Found an ornate altar of the Wu Jian Council.
     4 | D        | Found a shimmering altar of Xom.
     5 | D        | Found Tenoted's Premium Goods.
     5 | D        | Round 1.
     6 | D        | Found a sacrificial altar of Ru.
     6 | D        | Found Patraug's Weapon Rack.
     6 | D        | Found Myluz's Miscellaneous Merchandise.
     6 | D        | Found Dozilis's Basic Armour.
    10 | D        | Found an iron altar of Okawaru.
    20 | D        | Bought a +0 broad axe for 120 gold pieces
    78 | D        | Found Rennuem's Advanced Armour.
    79 | D        | Found Hiarghif's Jewellery.
    92 | D        | Bought a flickering marble ring for 45 gold pieces
    92 | D        | Identified the ring of Curag {rF+ Str+2 Dex+4} (You bought
                  | it in a shop in the Dungeon)
    95 | D        | Found an ancient bone altar of Kikubaaqudgha.
    99 | D        | Found a shimmering blue altar of Sif Muna.
    99 | D        | Found a snail-covered altar of Cheibriados.
    99 | D        | Found Xodoohue's Magic Scroll Shop.
    99 | D        | Found Hoadioqown's Magic Scroll Shop.
   100 | D        | Found Apafot's Must-Have Magic.
   101 | D        | Found an opulent altar of Gozag.
   101 | D        | Found a burning altar of Makhleb.
   101 | D        | Found Seisunot's Staff Store.
   105 | D        | Found a basalt altar of Yredelemnul.
   107 | D        | Found a hide-covered altar of Uskayaw.
   108 | D        | Found Oma Anle's Distillery.
   109 | D        | Found Raim's Distillery.
   109 | D        | Found Favauz Sosh's Bottled Wisdom.
   109 | D        | Found a radiant altar of Vehumet.
   109 | D        | Found a corrupted altar of Lugonu.
   109 | D        | Found Romu Miw's Do-It-Yourself Clinic.
   115 | D        | Became a worshipper of Uskayaw the Reveller
   129 | D        | Noticed Sigmund
   138 | D        | Reached * piety under Uskayaw
   139 | D        | Reached ** piety under Uskayaw
   143 | D        | Slain by Sigmund

Illustrated notes

Levels and vault maps discovered:
D:        arena_sprint

Skill      XL: |  1 |
---------------+----+-----
Axes           | 2 |  2.2
Armour         | 3 |  3.0
Shields        | 3 |  3.0
Fighting       | |  3.3
Invocations    | |  0.2

Action                   || total
-------------------------++-------
Melee: Broad axe         ||    15
       War axe           ||     4
  Use: Potion            ||     1
Armor: Scale mail        ||     6
Dodge: Dodged            ||     7
Block: Buckler           ||     4

Table legend: (Time is in decaauts)
 A = Elapsed time spent in this place.
 B = Non-inter-level travel time spent in this place.
 C = Inter-level travel time spent in this place.
 D = Time resting spent in this place.
 E = Time spent auto-exploring this place.
 F = Levels seen in this place.
 G = Mean time per level.
                   A        B        C        D        E       F      G
               +--------+--------+--------+--------+--------+-----+--------+
         Total |    151 |    151 |      0 |     13 |     58 |   1 |  151.0 |
       Dungeon |    151 |    151 |      0 |     13 |     58 |   1 |  151.0 |
               +--------+--------+--------+--------+--------+-----+--------+

Top non-repeatable levels by time:
       D: 151 daAuts
